 Dungeon Crawl Stone Soup version 0.23-a0-760-g92239d2 (webtiles) character file.

14938 SmSkdm the Thaumaturge (level 12, -9/82 HPs)
             Began as a Kitsune Transmuter on May 10, 2019.
             Was an Elder of Wu Jian.
             Mangled by Snorg (22 damage)
             ... on level 11 of the Dungeon.
             The game lasted 01:08:06 (13839 turns).

SmSkdm the Thaumaturge (Kitsune Transmuter)        Turns: 13839, Time: 01:08:07

Health: -9/82      AC:  8    Str:  7    XL:     12   Next: 51%
Magic:  24/26      EV: 15    Int: 17    God:    Wu Jian [****..]
Gold:   912        SH:  0    Dex: 30    Spells: 16/31 levels left

rFire    . . .     SeeInvis .     - Unarmed
rCold    . . .     Gourm    .   (shield currently unavailable)
rNeg     . . .     Faith    .   e - +0 leather armour
rPois    .         Spirit   .   (helmet restricted)
rElec    .         Reflect  .   l - +1 cloak {MR+}
rCorr    .         Harm     .   (gloves currently unavailable)
MR       ++...                  J - +2 pair of boots {Stlth+}
Stlth    +++++.....             E - amulet of Tyukkago {+Inv Regen+ Str-4 Dex+7 Stlth+}
HPRegen  0.63/turn              v - +5 ring of dexterity
MPRegen  0.20/turn              (no ring)

@: about to teleport, blade hands (expiring)
A: charm monsters, no helmets, claws 1
a: Charm Monsters, End Transformation, Wall Jump, Serpent's Lash, Renounce
Religion, Evoke Invisibility


You were on level 11 of the Dungeon.
You worshipped Wu Jian.
Wu Jian was greatly pleased with you.
You were hungry.
You had blades for hands.
You visited 2 branches of the dungeon, and saw 12 of its levels.
You also visited: Ossuary and Bailey.

You collected 912 gold pieces.

Inventory:

Missiles
 a - 275 arrows
 j - 5 tomahawks of returning (quivered)
 K - 19 javelins of returning
Armour
 b - a +0 robe
 e - a +0 leather armour (worn)
 l - a +1 cloak of magic resistance (worn)
 q - a +1 pair of gloves (melded)
 A - a +0 pair of boots
 J - a +2 pair of boots of stealth (worn)
Jewellery
 v - a +5 ring of dexterity (left scythe-like blade)
 E - the amulet of Tyukkago (around neck) {+Inv Regen+ Str-4 Dex+7 Stlth+}
   (You found it on level 8 of the Dungeon)

   [amulet of regeneration]

   It affects your strength (-4).
   It affects your dexterity (+7).
   It lets you turn invisible.
   It increases your rate of regeneration.
   It makes you more stealthy.
 L - a cursed amulet of inaccuracy {unknown}
Wands
 o - a wand of clouds (3)
 z - a wand of polymorph (15)
 F - a wand of flame (20)
 G - a wand of enslavement (17)
 O - a wand of digging (5)
Scrolls
 i - 5 scrolls of teleportation
 k - 9 scrolls of identify
 m - 3 scrolls of remove curse
 r - a scroll of magic mapping
 u - 2 scrolls of amnesia
 x - a scroll of fear
 y - a scroll of random uselessness {unknown}
 C - a scroll of immolation {unknown}
 D - a scroll of fog
 I - 4 scrolls of enchant armour {unknown}
Potions
 c - 7 potions of curing
 f - 3 potions of brilliance {unknown}
 g - 5 potions of heal wounds
 h - 3 potions of degeneration {unknown}
 n - 2 potions of flight {unknown}
 p - 2 potions of cancellation {unknown}
 s - 2 potions of mutation {unknown}
 t - 2 potions of magic {unknown}
 w - 2 potions of might {unknown}
 B - a potion of berserk rage {unknown}
 H - a potion of experience {unknown}
 M - 2 potions of lignification {unknown}
 N - a potion of agility {unknown}
Comestibles
 d - 18 rations


   Skills:
 + Level 8.1 Fighting
 + Level 3.8 Dodging
 + Level 2.8 Stealth
 + Level 9.4 Unarmed Combat
 + Level 10.4 Spellcasting
 + Level 10.3 Transmutations


You had 16 spell levels left.
You knew the following spells:

 Your Spells              Type           Power        Failure   Level  Hunger
a - Beastly Appendage     Tmut           #####.       9%          1    None
b - Sticks to Snakes      Tmut           #####...     10%         2    None
c - Regeneration          Chrm/Necr      #.........   78%         3    None
d - Blade Hands           Tmut           #####.....   32%         5    #####..
e - Ice Form              Ice/Tmut       ####....     54%         4    ###....

Your spell library contained the following spells:

 Spells                   Type           Power        Failure   Level  Hunger
 Spider Form              Tmut/Pois      ####......   30%         3    None
 Animate Skeleton         Necr           N/A          50%         1    None
 Magic Dart               Conj           #...         50%         1    None
 Pain                     Necr           #...         50%         1    None
 Searing Ray              Conj           #.....       61%         2    None
 Dazzling Spray           Conj/Hex       #.....       78%         3    None
 Vampiric Draining        Necr           #.........   78%         3    None
 Animate Dead             Necr           N/A          97%         4    ###....
 Force Lance              Conj/Tloc      #.......     97%         4    ###....
 Fulminant Prism          Conj/Hex       #.........   97%         4    ###....
 Iskenderun's Mystic Bla  Conj           #.......     97%         4    ###....


Dungeon Overview and Level Annotations

Branches:
Dungeon (11/15)            Temple (1/1) D:5            Lair (0/6) D:11
    Orc (0/2) D:11

Altars:
Ashenzari
Cheibriados
Dithmenos
Elyvilon
Fedhas
Gozag
Hepliaklqana
Kikubaaqudgha
Makhleb
Nemelex Xobeh
Okawaru
Qazlal
Ru
Sif Muna
Trog
Uskayaw
Vehumet
Wu Jian
Xom
Yredelemnul
Zin
The Shining One

Shops:
D:5 :   D:7 !

Annotations:
D:8 exclusion: ice statue
D:11 Snorg


Innate Abilities, Weirdness & Mutations

You can charm monsters.
You have fox ears (no helmets).
You have sharp fingernails.


Message History

Snorg is lightly wounded.
Snorg misses you. Snorg barely misses you. Snorg claws you!
You hit Snorg.
Snorg is lightly wounded.
Snorg closely misses you. Snorg claws you but does no damage. Snorg claws you.
Snorg goes berserk!
You lunge at Snorg.
You slice Snorg!! You slash Snorg.
Snorg is moderately wounded.
Snorg bites you!! Snorg claws you. Snorg misses you.
Unknown command.
Unknown command.
Unknown command.
Snorg bites you!!
* * * LOW HITPOINT WARNING * * *
Snorg misses you. Snorg claws you.
* * * LOW HITPOINT WARNING * * *
Unknown command.
As you read the scroll of teleportation, it crumbles to dust.
You feel strangely unstable. Snorg bites you!!
You die...

#........... #..#....#....#. #
#.......######..#....#....#. #
+.......#.......#....#......
######.......#.......######......
.............#................._.
.............#...................
++########...#...................
.........#...######.............#
.........#......@.#........?....#
.........#......T.#.#######.....#
.........#........#.# #.....#
##'##....#..#####.#.# #.....#
....######..# #.#.# #...###
............# #.#.# #...#..
............# #.#.# #...#..
............#####.#.# #...+..
..................#.# #...#..


You could see Snorg (berserk).

Vanquished Creatures
  A hydra (D:11)
  3 two-headed ogres
  An orange crystal statue (D:8)
  2 ugly things (D:11)
  A gargoyle (D:10)
  A centaur skeleton (D:11)
  2 trolls
  2 hippogriffs
  A shadow (D:11)
  14 orc warriors
  3 humans (D:6)
  A hungry ghost (D:9)
  Edmund (D:6)
  A water moccasin (D:11)
  Duvessa (D:6)
  2 sky beasts
  A hornet zombie (D:7)
  4 ice beasts
  3 phantoms
  3 black bears
  An eye of draining (D:11)
  8 ogres
  10 centaurs
  A crocodile (D:8)
  2 big kobolds
  2 elf zombies (D:5)
  7 bullfrogs
  Dowan (D:6)
  2 water moccasin zombies (Ossuary)
  A wyvern skeleton (D:7)
  2 scorpions
  3 killer bees (D:9)
  2 troll zombies (D:11)
  2 electric eels (D:11)
  A howler monkey (D:10)
  6 crimson imps
  8 jellies
  A quasit (D:10)
  A bullfrog zombie (D:11)
  3 centaur zombies
  7 orc priests
  3 hounds
  Crazy Yiuf (D:2)
  A human zombie (D:5)
  A gnoll shaman (D:10)
  2 iguanas
  2 human skeletons (D:5)
  7 orc wizards
  10 worker ants
  2 big kobold zombies (Ossuary)
  6 ogre zombies (D:11)
  2 hound zombies
  2 mummies (Ossuary)
  3 gnolls (D:10)
  2 howler monkey skeletons
  9 adders
  2 shadow imps
  6 oozes
  11 adder zombies
  A worm (D:4)
  A dart slug (D:2)
  4 leopard geckos
  59 orcs
  3 ball pythons
  4 giant cockroaches
  4 gnoll zombies (Ossuary)
  13 goblins
  3 hobgoblins
  3 jackals (D:6)
  A quokka (D:7)
  8 bats
  4 frilled lizards
  2 goblin skeletons (D:11)
  2 goblin zombies (D:11)
  6 hobgoblin zombies
  14 kobolds
  8 kobold zombies (Ossuary)
  3 orc skeletons
  21 orc zombies
  A quokka skeleton (D:6)
  A quokka zombie (D:5)
  8 rats
365 creatures vanquished.

Vanquished Creatures (collateral kills)
  A two-headed ogre (D:9)
  2 orc warriors
  A hornet (D:8)
  A hippogriff (D:9)
  A bullfrog (D:8)
  3 centaurs (Bailey)
  2 ogres
  5 wights (D:7)
  A howler monkey (D:7)
  2 hounds
  A jelly (D:6)
  An orc priest (D:5)
  4 orc wizards
  A worker ant (D:7)
  3 adders
  A shadow imp (D:7)
  13 orcs
  A kobold (D:1)
  A jackal skeleton (D:8)
  A rat (D:2)
46 creatures vanquished.

Vanquished Creatures (others)
  A howler monkey (D:7)
1 creature vanquished.

Grand Total: 412 creatures vanquished

Notes
Turn   | Place    | Note
-------+----------+-------------------------------------------
     0 | D:1      | SmSkdm the Kitsune Transmuter began the quest for the Orb.
     0 | D:1      | Reached XP level 1. HP: 12/12 MP: 3/3
   102 | D:1      | Reached skill level 1 in Fighting
   751 | D:1      | Reached XP level 2. HP: 13/18 MP: 3/5
   919 | D:1      | Learned a level 2 spell: Sticks to Snakes
  1047 | D:2      | Found a blossoming altar of Fedhas.
  1216 | D:2      | Reached XP level 3. HP: 23/23 MP: 6/6
  1704 | D:2      | Found a runed door.
  1708 | D:2      | Noticed Crazy Yiuf
  1717 | D:2      | Killed Crazy Yiuf
  1717 | D:2      | Reached XP level 4. HP: 18/29 MP: 3/7
  1879 | D:3      | Reached XP level 5. HP: 35/35 MP: 6/8
  1906 | D:3      | Found a shadowy altar of Dithmenos.
  2694 | D:4      | Reached XP level 6. HP: 30/41 MP: 8/10
  2851 | D:4      | Noticed an ogre
  3140 | D:4      | Found a glowing silver altar of Zin.
  3566 | D:4      | Found a basalt altar of Yredelemnul.
  3750 | D:5      | Entered Level 5 of the Dungeon
  3754 | D:5      | Noticed an ogre
  3770 | D:5      | Killed an ogre
  3770 | D:5      | Reached XP level 7. HP: 30/46 MP: 10/12
  3790 | D:5      | Found Afodugo's Book Shoppe.
  4019 | D:5      | Found a sand-covered staircase.
  4058 | Ossuary  | Entered an ossuary
  4662 | Ossuary  | Reached XP level 8. HP: 46/54 MP: 14/14
  4998 | D:5      | Reached skill level 5 in Unarmed Combat
  5134 | D:5      | Reached skill level 5 in Spellcasting
  5212 | D:5      | Reached skill level 5 in Transmutations
  5417 | D:5      | You fall through a shaft for 3 floors!
  5422 | D:8      | Noticed a hornet
  5431 | D:8      | Killed a hornet
  5466 | D:8      | Killed an orc warrior
  5506 | D:8      | Noticed an ice statue
  5637 | D:8      | Noticed a two-headed ogre
  5658 | D:8      | Found a sacrificial altar of Ru.
  5660 | D:8      | Found a hazy altar of Hepliaklqana.
  5661 | D:8      | Found a snail-covered altar of Cheibriados.
  5791 | D:7      | Found a white marble altar of Elyvilon.
  5811 | D:7      | Learned a level 3 spell: Regeneration
  5823 | D:7      | Reached XP level 9. HP: 25/59 MP: 13/17
  6066 | D:7      | Found a stormy altar of Qazlal.
  6101 | D:7      | Reached skill level 5 in Fighting
  6320 | D:7      | Found Mipium's Distillery.
  6343 | D:7      | Found a sparkling altar of Nemelex Xobeh.
  6427 | D:7      | Found an opulent altar of Gozag.
  6561 | D:7      | Learned a level 5 spell: Blade Hands
  7025 | D:5      | Found a bloodstained altar of Trog.
  7051 | D:5      | Found a staircase to the Ecumenical Temple.
  7057 | Temple   | Entered the Ecumenical Temple
  8021 | D:6      | Noticed Edmund
  8032 | D:6      | Killed Edmund
  8119 | D:6      | Reached XP level 10. HP: 39/68 MP: 17/20
  8415 | D:6      | Noticed Dowan
  8416 | D:6      | Noticed Duvessa
  8423 | D:6      | Killed Duvessa
  8425 | D:6      | Your ally died
  9263 | D:7      | Found a radiant altar of Vehumet.
  9425 | D:8      | Killed a two-headed ogre
  9507 | D:8      | Found an ornate altar of the Wu Jian Council.
  9692 | D:8      | Became a worshipper of the Wu Jian Council
  9762 | D:8      | Found a burning altar of Makhleb.
  9931 | D:8      | Got a smoking diamond amulet
  9933 | D:8      | Identified the amulet of Tyukkago {+Inv Regen+ Str-4 Dex+7
                  | Stlth+} (You found it on level 8 of the Dungeon)
 10066 | D:8      | Noticed an orange crystal statue
 10320 | D:8      | Killed an orange crystal statue
 10463 | D:9      | Reached XP level 11. HP: 74/74 MP: 19/23
 10483 | D:9      | Reached * piety under Wu Jian
 10632 | D:9      | Noticed a two-headed ogre
 10639 | D:9      | Killed a two-headed ogre
 10828 | D:9      | Found a shadowy altar of Dithmenos.
 10833 | D:9      | Reached ** piety under Wu Jian
 11049 | D:10     | Entered Level 10 of the Dungeon
 11096 | D:10     | Found a flagged portal.
 11116 | Bailey   | Entered a bailey
 12196 | D:10     | Reached *** piety under Wu Jian
 12394 | D:10     | Noticed a two-headed ogre
 12400 | D:10     | Killed a two-headed ogre
 12454 | D:10     | Reached XP level 12. HP: 67/82 MP: 23/25
 12695 | D:10     | Reached skill level 1 in Stealth
 12885 | D:11     | Reached skill level 10 in Spellcasting
 12887 | D:11     | Found a staircase to the Orcish Mines.
 12989 | D:11     | Reached **** piety under Wu Jian
 13072 | D:11     | Reached skill level 10 in Transmutations
 13081 | D:11     | Found a staircase to the Lair.
 13207 | D:11     | Found a radiant altar of Vehumet.
 13210 | D:11     | Noticed a four-headed hydra
 13217 | D:11     | Learned a level 4 spell: Ice Form
 13225 | D:11     | Killed a four-headed hydra
 13398 | D:11     | Noticed a two-headed ogre
 13460 | D:11     | Killed a two-headed ogre
 13561 | D:11     | Found a stormy altar of Qazlal.
 13714 | D:11     | Noticed Snorg
 13839 | D:11     | Mangled by Snorg

Vault maps used:
D:1:      lemuel_arrival_behind_the_door_small
D:2:      minmay_misc_feat_plants, fedhas_altar_2, uniq_crazy_yiuf_cottage
D:3:      overflow_temple_1_default
D:4:      lemuel_doored_altar, nicolae_overflow_hidden_temple, first_ration
D:5:      bloody_trog, minmay_temple_entry_enclosed_plants,
          nicolae_ossuary_entry_catacombs, serial_shops, shop_statue,
          minmay_door_square, minmay_tree_intersection
D:6:      minmay_ruffians, uniq_edmund, uniq_duvessa
D:7:      minmay_opposing_rooms, lemuel_crystal_altar, lemuel_crystal_altar,
          kennysheep_mini_moat, nemelex_xobeh_ov_fountains_minmay, serial_shops,
          shop, lemuel_tele_altar
D:8:      minmay_separated_statues, marbit_many_paths, kennysheep_mini,
          grunt_temple_overflow_open, hangedman_little_slice_of_home,
          serial_park_tiny_2
D:9:      grunt_dithmenos_shadows
D:10:     enter_bailey_3
D:11:     lair_entry_dummy, zombieorc2_lemuel, basic_altar, serial_bayou_pond_b,
          chequers_serial_rivers_micro_c, grunt_qazlal_sundering, uniq_snorg
Temple:   kb_temple_of_zot
Ossuary:  ossuary_tomb_2
Bailey:   bailey_polearm_flooded_kennysheep, bailey

Skill      XL: |  1  2  3  4  5  6  7  8  9 10 11 12 |
---------------+-------------------------------------+-----
Fighting       | 1 2 3 4 5 6 7 8 |  8.1
Unarmed Combat | 3 4 5 6 7 8 9 |  9.4
Spellcasting   | 3 4 5 7 8 9 10 | 10.4
Transmutations | 3 4 5 7 8 9 10 | 10.3
Dodging        | 3 |  3.8
Stealth        | 2 |  2.8

Action                   |  1- 3 |  4- 6 |  7- 9 | 10-12 || total
-------------------------+-------+-------+-------+-------++-------
Melee: Unarmed           |   112 |   127 |   540 |   635 ||  1414
       Kick              |     2 |    13 |    65 |       ||    80
       Headbutt          |     2 |     7 |    16 |       ||    25
       Punch             |     2 |     5 |    14 |    32 ||    53
Throw: Tomahawk          |       |     1 |     3 |     1 ||     5
 Cast: Beastly Appendage |     5 |     8 |    19 |     3 ||    35
       Sticks to Snakes  |     1 |       |    14 |       ||    15
       Blade Hands       |       |       |     6 |    50 ||    56
       Regeneration      |       |       |     3 |     8 ||    11
       Ice Form          |       |       |       |     1 ||     1
Invok: Whirlwind         |       |       |       |   105 ||   105
       Lunge             |       |       |       |    46 ||    46
       Wall Jump         |       |       |       |    28 ||    28
       Serpent's Lash    |       |       |       |     3 ||     3
 Abil: Charm Monsters    |     5 |     8 |    12 |    11 ||    36
       End Transformatio |       |       |       |     2 ||     2
       Wall Jump         |       |       |       |     1 ||     1
Evoke: Wand              |       |       |       |     7 ||     7
  Use: Potion            |     1 |       |     1 |     2 ||     4
       Scroll            |       |     5 |     2 |     6 ||    13
 Stab: Sleeping          |     3 |       |     1 |    17 ||    21
       Betrayed ally     |     3 |       |     3 |     4 ||    10
       Distracted        |       |     2 |     5 |     2 ||     9
  Eat: Chunk             |     2 |     7 |    15 |    31 ||    55
       Ration            |       |       |     1 |     1 ||     2
Armor: Leather armour    |    47 |    46 |   149 |   138 ||   380
       Robe              |     3 |       |       |       ||     3
       Skin              |       |       |       |     1 ||     1
Dodge: Dodged            |    51 |    72 |   232 |   329 ||   684

Table legend:
 A = Non-vault XP
 B = Vault XP
 C = Vault XP percentage of total XP
 D = Non-vault monster count
 E = Vault monster count
 F = Vault count percentage of total count
                 A         B        C        D         E       F
            +---------+---------+-------+---------+---------+-------
      Total |   15776 |    5564 |  26.1 |     252 |     140 |  35.7
            +---------+---------+-------+---------+---------+-------
        D:1 |      24 |       0 |   0.0 |      14 |       0 |   0.0
        D:2 |      43 |      36 |  45.6 |      18 |       1 |   5.3
        D:3 |     100 |       0 |   0.0 |      23 |       0 |   0.0
        D:4 |     292 |       0 |   0.0 |      13 |       0 |   0.0
        D:5 |     805 |     301 |  27.2 |      27 |       6 |  18.2
        D:6 |     265 |     940 |  78.0 |      16 |       6 |  27.3
        D:7 |    1383 |     412 |  23.0 |      32 |       6 |  15.8
        D:8 |    1777 |     906 |  33.8 |      21 |      10 |  32.3
        D:9 |    3130 |      12 |   0.4 |      41 |       1 |   2.4
       D:10 |    3233 |     132 |   3.9 |      27 |       5 |  15.6
       D:11 |    4724 |     571 |  10.8 |      20 |      36 |  64.3
    Ossuary |       0 |     329 | 100.0 |       0 |      36 | 100.0
     Bailey |       0 |    1925 | 100.0 |       0 |      33 | 100.0
            +---------+---------+-------+---------+---------+-------
